 Dungeon Crawl Stone Soup version 0.24-a0-464-g6b2be6b8c7 (webtiles) character file.

Game seed: 9244523708980887435

5425 Bikalo the Carver (level 10, -6/79 HPs)
             Began as a Demonspawn Gladiator on July 3, 2019.
             Was a High Priest of Okawaru.
             Mangled by a two-headed ogre
             ... wielding a +0 dire flail
              (10 damage)
             ... on level 9 of the Dungeon.
             The game lasted 00:27:41 (12557 turns).

Bikalo the Carver (Demonspawn Gladiator)           Turns: 12557, Time: 00:27:41

Health: -6/79      AC: 11    Str: 15    XL:     10   Next: 40%
Magic:  9/9        EV: 18    Int: 10    God:    Okawaru [*****.]
Gold:   445        SH:  0    Dex: 17    Spells: 9/9 levels left

rFire    . . .     SeeInvis .   n - +0 great sword (curse)
rCold    . . .     Gourm    .   (shield currently unavailable)
rNeg     . . .     Faith    .   s - +0 troll leather armour
rPois    +         Spirit   .   (helmet restricted)
rElec    .         Reflect  .   (no cloak)
rCorr    .         Harm     .   e - +1 pair of gloves
MR       .....                  (no boots)
Stlth    ++++......             (no amulet)
HPRegen  0.63/turn              m - +2 ring of evasion
MPRegen  0.11/turn              r - +2 ring of protection

@: no status effects
A: antennae 2, molten scales 2, low mp 1, nightstalker 2, poison resistance,
MP-powered wands
a: Heroism, Finesse, Renounce Religion


You were on level 9 of the Dungeon.
You worshipped Okawaru.
Okawaru was extremely pleased with you.
You were not hungry.

You visited 2 branches of the dungeon, and saw 12 of its levels.

You collected 679 gold pieces.
You spent 234 gold pieces at shops.

Inventory:

Hand Weapons
 a - a +1 long sword
 n - a cursed +0 great sword (weapon)
Missiles
 d - 3 throwing nets (quivered)
Armour
 b - a +0 leather armour
 e - a +1 pair of gloves (worn)
 s - a +0 troll leather armour (worn)
 t - a cursed -2 buckler
Jewellery
 m - a +2 ring of evasion (left hand)
 r - a +2 ring of protection (right hand)
 x - an uncursed ring of fire
Wands
 c - a wand of iceblast (7)
 p - a wand of acid (6)
Scrolls
 g - 3 scrolls of identify
 h - 2 scrolls of enchant weapon
 i - 2 scrolls of magic mapping
 k - a scroll of enchant armour
 l - 3 scrolls of teleportation
 o - 2 scrolls of remove curse
Potions
 j - a potion of brilliance
 w - a potion of resistance {unknown}
Comestibles
 f - 14 rations
 q - 5 chunks of flesh


   Skills:
 + Level 7.6 Fighting
 * Level 9.8 Long Blades
 - Level 1.7 Throwing
 + Level 7.2 Dodging
 + Level 2.9 Stealth
 + Level 3.7 Shields


You had 9 spell levels left.
You didn't know any spells.
Your spell library contained the following spells:

 Spells                   Type           Power        Failure   Level  Hunger
 Beastly Appendage        Tmut           #.....       43%         1    ##.....
 Sticks to Snakes         Tmut           #.......     56%         2    ###....
 Spider Form              Tmut/Pois      #.........   80%         3    ####...
 Ice Form                 Ice/Tmut       #.......     99%         4    #####..
 Blade Hands              Tmut           #.........   100%        5    ######.


Dungeon Overview and Level Annotations

Branches:
Dungeon (10/15)            Temple (0/1) D:5            Lair (0/6) D:8
    Orc (2/2) D:9
    Elf: Orc:2

Altars:
Fedhas
Hepliaklqana
Okawaru
Xom

Shops:
D:6 [   D:7 [


Innate Abilities, Weirdness & Mutations

You have a pair of antennae on your head.
You are mostly covered in molten scales. (AC +3)
You are significantly more attuned to the shadows.
Your magical capacity is low. (-10% MP)
Your system is resistant to poisons. (rPois)
You expend magic power (3 MP) to strengthen your wands.


Message History

The two-headed ogre misses you.
You riposte.
You slash the two-headed ogre!
The two-headed ogre is heavily wounded.
The two-headed ogre hits you with a +0 giant spiked club!
You barely miss the two-headed ogre.
The two-headed ogre is heavily wounded.
The two-headed ogre closely misses you. The two-headed ogre barely misses you.
You slash the two-headed ogre!
The two-headed ogre is severely wounded.
The two-headed ogre hits you with a +0 dire flail!
* * * LOW HITPOINT WARNING * * *
The two-headed ogre hits you but does no damage.
You barely miss the two-headed ogre.
The two-headed ogre is severely wounded.
The two-headed ogre closely misses you. x2
You slash the two-headed ogre!
The two-headed ogre is almost dead.
The two-headed ogre hits you with a +0 dire flail!
* * * LOW HITPOINT WARNING * * *
The two-headed ogre hits you with a +0 giant spiked club!
You die...

........# #....##.###.#
#.#######
.###.##.###.##.#..>##.#
#.......# .#
#.###...###......#.#########.#
.# #.# ##.###..........# #.#
.###.####.###.......#..# #.#
..)....................# #.#
.)(...............####.# #.#
........######...O# #.#
#####.# ###.###)######).@.#
#.# #.....#
#.....#....[......# #.#
#.#####
#.....#.##.>##...#####.# #.#
?...>...######.........# #.#
#.....#.# #..######## #.#
#.....#.# ###..# #.# ###.###.#
#....# #.# ........# #.#.##
#.# #####.### #.#.# #.#


You could see a two-headed ogre.

Vanquished Creatures
  A two-headed ogre (Orc:2)
  2 trolls
  A hippogriff (D:5)
  A spriggan (D:7)
  A hungry ghost (D:9)
  A warg (Orc:1)
  A porcupine (D:9)
  A hornet zombie (D:9)
  6 orc warriors
  A sky beast (D:7)
  An ice beast (D:9)
  A black bear (D:9)
  9 ogres
  A phantom (D:5)
  A centaur (D:6)
  A big kobold (D:9)
  3 bullfrogs
  4 wights (D:7)
  9 howler monkeys
  5 crimson imps
  A centaur zombie (D:3)
  3 hounds (D:9)
  A jelly (D:6)
  7 orc priests
  6 orc wizards
  An iguana (D:7)
  2 worker ants
  A worker ant zombie (D:5)
  6 adders
  3 shadow imps
  An adder zombie (D:9)
  6 worms
  5 dart slugs
  4 leopard geckos
  58 orcs
  3 ball pythons
  9 giant cockroaches
  6 goblins
  8 hobgoblins
  8 jackals (D:2)
  3 quokkas
  5 bats
  3 frilled lizards
  A jackal zombie (D:7)
  14 kobolds
  A quokka skeleton (D:5)
  8 rats
225 creatures vanquished.

Notes
Turn   | Place    | Note
-------+----------+-------------------------------------------
     0 | D:1      | Bikalo the Demonspawn Gladiator began the quest for the
                  | Orb.
     0 | D:1      | Reached XP level 1. HP: 16/16 MP: 1/1
   217 | D:1      | Reached skill level 3 in Long Blades
   217 | D:1      | Gained mutation: You have a pair of small antennae on your
                  | head. [demonic ancestry]
   217 | D:1      | Reached XP level 2. HP: 15/22 MP: 2/2
   772 | D:2      | Gained mutation: You are partially covered in molten
                  | scales. (AC +2) [demonic ancestry]
   772 | D:2      | Reached XP level 3. HP: 22/28 MP: 3/3
  1792 | D:2      | Found a faded altar of an unknown god.
  1795 | D:2      | Gained mutation: You are slightly more attuned to the
                  | shadows. [demonic ancestry]
  1795 | D:2      | Reached XP level 4. HP: 34/34 MP: 4/4
  1812 | D:2      | Noticed a bullfrog
  1819 | D:2      | Killed a bullfrog
  1819 | D:2      | Reached skill level 4 in Long Blades
  1975 | D:3      | Reached XP level 5. HP: 32/41 MP: 5/5
  2026 | D:3      | Reached skill level 1 in Stealth
  2511 | D:3      | Gained mutation: Your magical capacity is low. (-10% MP)
                  | [potion of mutation]
  2511 | D:3      | Gained mutation: You have a pair of antennae on your head.
                  | [potion of mutation]
  2511 | D:3      | Gained mutation: You expend magic power (3 MP) to
                  | strengthen your wands. [potion of mutation]
  2511 | D:3      | Gained mutation: Your system is resistant to poisons.
                  | (rPois) [potion of mutation]
  2768 | D:3      | Found an iron altar of Okawaru.
  2777 | D:3      | Became a worshipper of Warmaster Okawaru
  3270 | D:4      | Reached XP level 6. HP: 45/47 MP: 5/5
  4829 | D:5      | Entered Level 5 of the Dungeon
  4882 | D:5      | Noticed a hippogriff
  5366 | D:5      | Reached skill level 5 in Long Blades
  5426 | D:5      | Reached XP level 7. HP: 49/53 MP: 6/6
  5441 | D:5      | Killed a hippogriff
  5532 | D:5      | Found a staircase to the Ecumenical Temple.
  5899 | D:6      | Found Ixogg's Antique Armour Boutique.
  5910 | D:6      | Reached * piety under Okawaru
  5910 | D:6      | Reached skill level 6 in Long Blades
  5916 | D:6      | Bought a brightly glowing ring mail for 234 gold pieces
  5917 | D:6      | Identified the +0 ring mail of Refuge {+Blink MR- Int-5
                  | Stlth+} (You bought it in a shop on level 6 of the Dungeon)
  5945 | D:6      | Found a blossoming altar of Fedhas.
  6388 | D:6      | Gained mutation: You are mostly covered in molten scales.
                  | (AC +3) [demonic ancestry]
  6388 | D:6      | Reached XP level 8. HP: 53/61 MP: 7/7
  6472 | D:6      | Found a shimmering altar of Xom.
  6775 | D:7      | Reached skill level 5 in Dodging
  6780 | D:7      | Reached skill level 5 in Fighting
  6786 | D:7      | Noticed a hippogriff
  7710 | D:7      | Reached skill level 7 in Long Blades
  7734 | D:7      | Found a shimmering altar of Xom.
  7735 | D:7      | Found a hazy altar of Hepliaklqana.
  7735 | D:7      | Noticed a hell beast
  7736 | D:7      | Noticed a spectral ugly thing
  7736 | D:7      | Noticed a hell beast
  7746 | D:7      | Found Xounwef's Antique Armour Shoppe.
  7839 | D:7      | Reached ** piety under Okawaru
  8749 | D:7      | Reached XP level 9. HP: 42/69 MP: 8/8
  8760 | D:7      | Reached skill level 8 in Long Blades
  9276 | D:8      | Found a staircase to the Lair.
  9607 | D:9      | Reached skill level 1 in Shields
  9626 | D:9      | Reached *** piety under Okawaru
  9881 | D:9      | Found a staircase to the Orcish Mines.
 10458 | Orc:1    | Entered Level 1 of the Orcish Mines
 10489 | Orc:1    | Reached skill level 9 in Long Blades
 10603 | Orc:2    | Entered Level 2 of the Orcish Mines
 10851 | Orc:2    | Noticed a troll
 10855 | Orc:2    | Reached **** piety under Okawaru
 10865 | Orc:2    | Killed a troll
 10865 | Orc:2    | Gained mutation: You are significantly more attuned to the
                  | shadows. [demonic ancestry]
 10865 | Orc:2    | Reached XP level 10. HP: 22/79 MP: 9/9
 11243 | Orc:2    | Noticed a two-headed ogre
 11267 | Orc:2    | Killed a two-headed ogre
 11539 | Orc:2    | Noticed a two-headed ogre
 11926 | D:10     | Entered Level 10 of the Dungeon
 12314 | Orc:2    | Noticed a two-headed ogre
 12324 | D:9      | Reached ***** piety under Okawaru
 12557 | D:9      | Mangled by a two-headed ogre

Levels and vault maps discovered:
D:1:      dpeg_arrival_castle, layout_loops_ring, grunt_decor_fettered,
          minmay_statues_item
D:2:      layout_rooms, chequers_ecumenical_altar_simple
D:3:      layout_loops_corners, lemuel_crystal_altar
D:4:      layout_layer_cave, first_ration
D:5:      layout_cave_pools, minmay_temple_entry_ruins, serial_glass,
          glass_columns_a, glass_columns_a
D:6:      layout_basic, serial_shops, shop_statue, basic_altar, fedhas_altar_1
D:7:      layout_basic, regret_index_temple_of_mockery, serial_shops, shop,
          corexii_checkpoint_a, the_bakery
D:8:      layout_loops_corners, gammafunk_temple_overflow_claw,
          due_lair_maze_entry_diamond, serial_shops, nicolae_shop_crystal,
          basic_altar, uniq_erica
D:9:      layout_loops_ring, orc_0_dummy, st_stairs_3
D:10:     layout_loops_corners
Orc:1:    layout_caves, serial_shops, shop_statue, trog_book
Orc:2:    pubby_orc_utopia

Skill      XL: |  1  2  3  4  5  6  7  8  9 10 |
---------------+-------------------------------+-----
Long Blades    | 3 4 5 6 7 9 |  9.8
Dodging        | 3 4 5 6 7 |  7.2
Fighting       | 3 4 6 7 |  7.6
Stealth        | 1 2 |  2.9
Shields        | 3 |  3.7
Throwing       | |  1.7

Action                   |  1- 3 |  4- 6 |  7- 9 | 10-12 || total
-------------------------+-------+-------+-------+-------++-------
Melee: Long sword        |   130 |   219 |   237 |       ||   586
       Great sword       |       |       |   151 |    82 ||   233
  Use: Potion            |     1 |     2 |     6 |     2 ||    11
       Scroll            |       |    10 |     5 |       ||    15
 Stab: Sleeping          |     2 |     7 |     3 |       ||    12
       Distracted        |       |     2 |     1 |       ||     3
  Eat: Chunk             |     3 |     8 |    12 |     2 ||    25
       Ration            |       |     1 |     2 |     1 ||     4
Armor: Leather armour    |    26 |    67 |   109 |       ||   202
       Troll leather arm |       |       |       |    14 ||    14
Dodge: Dodged            |   122 |   143 |   393 |    96 ||   754
       Rpst.: Long sword |    44 |    41 |    46 |       ||   131
       Great sword       |       |       |    54 |    29 ||    83

Table legend:
 A = Non-vault XP
 B = Vault XP
 C = Vault XP percentage of total XP
 D = Non-vault monster count
 E = Vault monster count
 F = Vault count percentage of total count
                 A         B        C        D         E       F
            +---------+---------+-------+---------+---------+-------
      Total |    4611 |    3140 |  40.5 |     189 |      36 |  16.0
            +---------+---------+-------+---------+---------+-------
        D:1 |      38 |       0 |   0.0 |      22 |       0 |   0.0
        D:2 |     154 |       0 |   0.0 |      32 |       0 |   0.0
        D:3 |     201 |       0 |   0.0 |      26 |       0 |   0.0
        D:4 |     166 |       0 |   0.0 |      10 |       0 |   0.0
        D:5 |     513 |       0 |   0.0 |      18 |       0 |   0.0
        D:6 |     590 |       0 |   0.0 |      18 |       0 |   0.0
        D:7 |     987 |     226 |  18.6 |      24 |       2 |   7.7
        D:8 |       2 |       0 |   0.0 |       1 |       0 |   0.0
        D:9 |    1410 |     660 |  31.9 |      30 |       4 |  11.8
       D:10 |     257 |       0 |   0.0 |       6 |       0 |   0.0
      Orc:1 |     293 |     431 |  59.5 |       2 |      11 |  84.6
      Orc:2 |       0 |    1823 | 100.0 |       0 |      19 | 100.0
            +---------+---------+-------+---------+---------+-------
